 Dungeon Crawl Stone Soup version 0.24-a0-417-g1cce26a4d2 (webtiles) character file.

Game seed: 11221732783239976609

478 JellyEater the Digger (level 7, -9/36 HPs)
             Began as a Gargoyle Earth Elementalist on June 10, 2019.
             Mangled by a bog mummy (14 damage)
             ... in an ossuary.
             The game lasted 00:12:06 (3716 turns).

JellyEater the Digger (Gargoyle Earth Elementalist) Turns: 3716, Time: 00:12:06

Health: -9/36      AC:  8    Str: 12    XL:     7   Next: 11%
Magic:  13/13      EV: 12    Int: 17    God:
Gold:   227        SH:  0    Dex: 10    Spells: 5/14 levels left

rFire    . . .     SeeInvis .   a - +2 club
rCold    + . .     Gourm    .   (no shield)
rNeg     + . .     Faith    .   c - +0 robe
rPois    ∞         Spirit   .   q - +0 helmet
rElec    +         Reflect  .   (no cloak)
rCorr    .         Harm     .   k - +0 pair of gloves
MR       .....                  (no boots)
Stlth    +.........             (no amulet)
HPRegen  0.12/turn              f - ring of wizardry
MPRegen  0.13/turn              o - ring of protection from cold

@: very slow
A: negative energy resistance 1, electricity resistance, unbreathing,
petrification resistance, rot immunity, AC +4
a: no special abilities


You were in an ossuary.
You were not hungry.

You visited 1 branch of the dungeon, and saw 4 of its levels.
You also visited: Ossuary.

You collected 227 gold pieces.

Inventory:

Hand Weapons
 a - a +2 club (weapon)
Missiles
 b - 90 stones (quivered)
Armour
 c - a +0 robe (worn)
 k - a +0 pair of gloves (worn)
 q - a +0 helmet (worn)
Jewellery
 f - a ring of wizardry (left hand)
 o - a ring of protection from cold (right hand)
Scrolls
 m - 3 scrolls of remove curse
 r - a scroll of amnesia
Comestibles
 d - 5 rations


   Skills:
 - Level 1.5 Dodging
 - Level 2.1 Stealth
 + Level 4.3 Spellcasting
 + Level 3.9 Conjurations
   Level 0.7 Transmutations
 + Level 6.3 Earth Magic


You had 5 spell levels left.
You knew the following spells:

 Your Spells              Type           Power        Failure   Level  Hunger
a - Sandblast             Erth           ####..       1%          1    None
b - Stone Arrow           Conj/Erth      ###...       2%          3    ###....
c - Lee's Rapid Deconstr  Erth           ####......   12%         5    ######.

Your spell library contained the following spells:

 Spells                   Type           Power        Failure   Level  Hunger
 Passwall                 Tmut/Erth      ###.....     2%          2    ##.....
 Petrify                  Tmut/Erth      ###.....     14%         4    ####...


Dungeon Overview and Level Annotations

Branches:
Dungeon (4/15)             Temple (0/1) D:4

Altars:
Okawaru
The Shining One


Innate Abilities, Weirdness & Mutations

You are resistant to torment.
Your stone body is resilient. (AC +4)
You are immune to poison.
You resist negative energy. (rN+)
You are resistant to electric shocks. (rElec)
You can survive without breathing.
You are immune to petrification.
You are immune to rotting.


Message History

Your +1 club glows red for a moment.
The killer bee zombie closely misses you.
A leopard gecko zombie comes into view.
Unknown command.
Unknown command.
Your unstable footing causes you to fumble your attack.
The killer bee zombie closely misses you.
The killer bee zombie hits you. The bog mummy hits you!
The killer bee zombie hits you but does no damage.
Your unstable footing causes you to fumble your attack.
The killer bee zombie barely misses you.
The killer bee zombie hits you.
* * * LOW HITPOINT WARNING * * *
The bog mummy hits you but does no damage.
The mummy splashes around in the water.
The bog mummy closely misses you.
You barely miss the bog mummy. The killer bee zombie hits you.
* * * LOW HITPOINT WARNING * * *
The killer bee zombie closely misses you.
The bog mummy hits you!
You die...

'.# ###.+
...# ## #≈.#
#≈≈ ..'
#≈≈≈##Z#####
#≈≈.'.#..∩#
#≈##MZ.∩.#
#P@M#...#
#≈≈#MZ#####
###.ZZ≈≈
##≈≈#≈#
##.#.≈P #≈#
≈## #≈# # ≈#


You could see a mummy, 2 bog mummies, a leopard gecko zombie, 2 bullfrog zombies
and 2 killer bee zombies.

Vanquished Creatures
  2 elf skeletons (D:4)
  A howler monkey (D:4)
  An orc priest (D:4)
  3 orc wizards (D:4)
  Jessica (D:3)
  A human skeleton (D:4)
  A worker ant (D:4)
  Robin (D:3)
  3 gnolls (D:3)
  3 adders
  An ooze (D:1)
  A worm (D:2)
  3 dart slugs
  A leopard gecko (D:4)
  2 orcs (D:4)
  6 giant cockroaches
  11 goblins
  11 hobgoblins
  2 kobolds
  2 ball pythons
  9 bats
  4 frilled lizards
  10 rats
80 creatures vanquished.

Vanquished Creatures (others)
  3 withered plants (Ossuary)
3 creatures vanquished.

Grand Total: 83 creatures vanquished

Notes
Turn   | Place    | Note
-------+----------+-------------------------------------------
     0 | D:1      | JellyEater the Gargoyle Earth Elementalist began the quest
                  | for the Orb.
     0 | D:1      | Reached XP level 1. HP: 10/10 MP: 3/3
   427 | D:1      | Reached skill level 4 in Earth Magic
   427 | D:1      | Reached XP level 2. HP: 14/15 MP: 5/5
   900 | D:1      | Reached XP level 3. HP: 15/19 MP: 6/6
   905 | D:1      | Learned a level 3 spell: Stone Arrow
  1008 | D:1      | You fall into a shaft and drop 1 floor!
  1634 | D:2      | Reached skill level 1 in Conjurations
  1892 | D:2      | Reached XP level 4. HP: 22/24 MP: 8/8
  2056 | D:2      | Found a glowing golden altar of the Shining One.
  2690 | D:3      | Noticed Jessica
  2692 | D:3      | Reached skill level 5 in Earth Magic
  2698 | D:3      | Reached XP level 5. HP: 26/28 MP: 0/9
  2714 | D:3      | Killed Jessica
  2814 | D:3      | Found an iron altar of Okawaru.
  2834 | D:3      | Learned a level 5 spell: Lee's Rapid Deconstruction
  3084 | D:3      | Noticed Robin
  3092 | D:3      | Killed Robin
  3351 | D:4      | Reached XP level 6. HP: 32/32 MP: 1/11
  3361 | D:4      | Noticed a phantom
  3588 | D:4      | Reached skill level 6 in Earth Magic
  3602 | D:4      | Found a sand-covered staircase.
  3617 | D:4      | Reached XP level 7. HP: 25/36 MP: 1/13
  3621 | Ossuary  | Entered an ossuary
  3716 | Ossuary  | Mangled by a bog mummy

Levels and vault maps discovered:
D:1:      wander_arrival_chamber, layout_basic, serial_corexii_hall,
          corexii_hall_statues_x, corexii_hall_statues_u,
          corexii_hall_statues_x, corexii_hall_statues_i, dk_noncrumbling_4,
          minmay_tetromino_t4
D:2:      layout_loops_ring, nicolae_tso_swordbearing_angel
D:3:      layout_rooms, okawaru_metal_pillars_1_2, uniq_jessica, uniq_robin
D:4:      layout_basic, minmay_temple_entry_fiery,
          nicolae_ossuary_entry_catacombs, serial_glass, glass_columns_b,
          glass_columns_a
Ossuary:  ossuary_zaba_flooded

Skill      XL: |  1  2  3  4  5  6 |
---------------+-------------------+-----
Earth Magic    | 4 5 6 |  6.3
Conjurations   | 1 2 3 |  3.9
Spellcasting   | 3 4 |  4.3
Dodging        | |  1.5
Stealth        | |  2.1
Transmutations | |  0.7

Action                   |  1- 3 |  4- 6 |  7- 9 || total
-------------------------+-------+-------+-------++-------
Melee: Club              |    92 |   117 |     3 ||   212
 Cast: Sandblast         |    20 |    58 |       ||    78
       Stone Arrow       |       |     3 |       ||     3
       Lee's Rapid Decon |       |     1 |       ||     1
  Use: Scroll            |     3 |     4 |     1 ||     8
       Potion            |       |     9 |       ||     9
 Stab: Sleeping          |     4 |     1 |       ||     5
  Eat: Chunk             |     3 |     5 |       ||     8
       Ration            |       |     1 |       ||     1
Armor: Robe              |    51 |    86 |     5 ||   142
       Skin              |       |    16 |       ||    16
Dodge: Dodged            |    87 |   133 |    12 ||   232

Table legend:
 A = Non-vault XP
 B = Vault XP
 C = Vault XP percentage of total XP
 D = Non-vault monster count
 E = Vault monster count
 F = Vault count percentage of total count
                 A         B        C        D         E       F
            +---------+---------+-------+---------+---------+-------
      Total |     420 |     264 |  38.6 |      69 |      11 |  13.8
            +---------+---------+-------+---------+---------+-------
        D:1 |      34 |       1 |   2.9 |      18 |       1 |   5.3
        D:2 |      73 |       0 |   0.0 |      23 |       0 |   0.0
        D:3 |      79 |      60 |  43.2 |      19 |       7 |  26.9
        D:4 |     234 |     203 |  46.5 |       9 |       3 |  25.0
            +---------+---------+-------+---------+---------+-------
